 Dungeon Crawl Stone Soup version 0.29.0-7-g18a832c13a (webtiles) character file.

Game seed: 6324208762874478138

109 Kahsius the Ruffian (level 4, -2/37 HPs)
             Began as a Draconian Transmuter on Aug 30, 2022.
             Slain by a gnoll
             ... wielding a +0 whip
              (3 damage)
             ... on level 3 of the Dungeon.
             The game lasted 00:05:20 (2536 turns).

Kahsius the Ruffian (Draconian Transmuter)          Turns: 2536, Time: 00:05:21

Health: -2/37      AC:  5    Str: 12    XL:     4   Next: 60%
Magic:  16/16      EV: 12    Int: 16    God:
Gold:   140        SH:  0    Dex: 11    Spells: 5/8 levels left

rFire   . . .      SeeInvis .     - Unarmed
rCold   + . .      Faith    .   (no shield)
rNeg    . . .      Spirit   .   (body armour unavailable)
rPois   .          Reflect  .   (helmet restricted)
rElec   .          Harm     .   (no cloak)
rCorr   .          Rampage  .   (no gloves)
Will    .....                   (no boots)
Stlth   +.........              (no amulet)
HPRegen 0.12/turn               i - ring of protection from cold
MPRegen 0.15/turn               h - ring of magical power

@: wereblooded
A: AC +5, unfitting armour, cold-blooded
a: no special abilities


You were on level 3 of the Dungeon.
You visited 1 branch of the dungeon, and saw 3 of its levels.

You collected 140 gold pieces.

Inventory:

Jewellery
 h - a ring of magical power (right hand)
 i - a ring of protection from cold (left hand)
 l - a ring of ice
Scrolls
 b - 2 scrolls of vulnerability {unknown}
 e - 2 scrolls of fear {unknown}
 f - a scroll of magic mapping {unknown}
 g - 2 scrolls of identify {unknown}
 k - a scroll of immolation {unknown}
 m - 3 scrolls of silence {unknown}
 o - a scroll of teleportation {unknown}
Potions
 a - 2 potions of lignification
 c - 4 potions of curing {unknown}
 d - 3 potions of heal wounds {unknown}
 j - 2 potions of mutation {unknown}
 n - 2 potions of berserk rage {unknown}
 p - a potion of invisibility {unknown}


   Skills:
 + Level 2.4 Fighting
 + Level 2.4 Dodging
 + Level 3.5 Unarmed Combat
 + Level 2.6 Spellcasting
 + Level 2.7 Transmutations


You had 5 spell levels left.
You knew the following spells:

 Your Spells              Type           Power      Damage    Failure   Level
a - Beastly Appendage     Tmut           20%        N/A       6%          1
b - Wereblood             Tmut           10%        N/A       10%         2

Your spell library contained the following spells:

 Spells                   Type           Power      Damage    Failure   Level
 Spider Form              Tmut/Pois      6%         N/A       32%         3
 Call Canine Familiar     Summ           2%         N/A       52%         3
 Portal Projectile        Hex/Tloc       4%         N/A       52%         3
 Ice Form                 Ice/Tmut       6%         N/A       73%         4
 Leda's Liquefaction      Hex/Erth       1%         N/A       89%         4


Dungeon Overview and Level Annotations

Branches:
Dungeon (3/15)

Altars:


Innate Abilities, Weirdness & Mutations

Your plain brown scales are hard. (AC +5)
You cannot fit into any form of body armour.
You are cold-blooded and may be slowed by cold attacks.


Message History

You kill the gnoll!
You howl as the wereblood boils in your veins!
The gnoll hits you from afar with a +0 spear!
The gnoll misses you.
You are too injured to fight recklessly!
You are too injured to fight recklessly!
You are too injured to fight recklessly!
You barely miss the gnoll. The gnoll hits you with a +0 whip.
The gnoll barely misses you. The gnoll closely misses you.
You hit the gnoll.
The gnoll is lightly wounded.
The gnoll closely misses you. The gnoll hits you with a +0 whip.
The gnoll hits you but does no damage.
You barely miss the gnoll.
The gnoll is lightly wounded.
You howl as the wereblood boils in your veins!
The adder bites you. The adder misses you. The gnoll barely misses you.
The gnoll hits you with a +0 whip. The gnoll barely misses you.
You barely miss the adder.
You howl as the wereblood boils in your veins!
The adder bites you. The gnoll barely misses you. x2
The gnoll closely misses you.
You punch the adder!
The adder is heavily wounded.
The adder closely misses you.
You barely miss the adder.
The adder is heavily wounded.
The adder closely misses you. The gnoll hits you but does no damage.
The gnoll hits you with a +0 whip.
* * * LOW HITPOINT WARNING * * *
The gnoll hits you but does no damage.
You closely miss the adder.
The adder is heavily wounded.
The adder bites you but does no damage.
The gnoll hits you from afar with a +0 spear.
* * * LOW HITPOINT WARNING * * *
The gnoll hits you with a +0 whip!
* * * LOW HITPOINT WARNING * * *
The gnoll hits you with a +0 whip.
You die...

......#....###......#.#.#
......#....# ###.##.#.# #
...........# #.# #.#
...........# #.. ....
...........########.#.#
....................#.#
.....##...............#
..#..................#
....####........@g...#
.....###........gS...#
........).........g..#
##........#########.....
##........# #.###
###..###### .# # #..# . #
#..# . # #..#


You could see 3 gnolls and an adder.

Vanquished Creatures
  A gnoll (D:3)
  3 adders
  A worm (D:2)
  4 dart slugs
  3 orcs (D:3)
  5 endoplasms
  4 giant cockroaches
  6 goblins
  4 hobgoblins
  6 jackals
  A quokka (D:3)
  A ball python (D:1)
  5 bats
  3 kobolds
  8 rats
55 creatures vanquished.

Notes
Turn   | Place    | Note
-------+----------+-------------------------------------------
     0 | D:1      | Kahsius the Draconian Transmuter began the quest for the
                  | Orb.
     0 | D:1      | Reached XP level 1. HP: 16/16 MP: 3/3
   266 | D:1      | Reached XP level 2. HP: 19/23 MP: 3/5
   269 | D:1      | Learned a level 2 spell: Wereblood
   656 | D:1      | Found a faded altar of an unknown god.
   816 | D:1      | Reached XP level 3. HP: 29/29 MP: 6/6
  1581 | D:2      | Reached XP level 4. HP: 14/36 MP: 7/7
  2536 | D:3      | HP: 1/37 [gnoll/+0 whip (7)]
  2536 | D:3      | Slain by a gnoll

Illustrated notes

Levels and vault maps discovered:
D:1:      dpeg_arrival_ratfight, layout_basic,
          shapermc_ecumenical_altar_mp_highgroup, nrook_mini_vaults,
          minmay_pentomino_r4
D:2:      layout_basic, corner_web_ring, hangedman_decor_points
D:3:      minmay_angry_zag, layout_basic

Skill      XL: |  1  2  3 |
---------------+----------+-----
Dodging        | 2 |  2.4
Fighting       | 2 |  2.4
Unarmed Combat | |  3.5
Spellcasting   | |  2.6
Transmutations | |  2.7

Action                   |  1- 3 |  4- 6 || total
-------------------------+-------+-------++-------
Melee: Unarmed           |   149 |    77 ||   226
       Tailslap          |    20 |     9 ||    29
       Kick              |     2 |       ||     2
       Headbutt          |     1 |       ||     1
       Punch             |     1 |       ||     1
 Cast: Beastly Appendage |     2 |       ||     2
       Wereblood         |     5 |     3 ||     8
 Stab: Sleeping          |     1 |       ||     1
Armor: Skin              |    44 |    29 ||    73
Dodge: Dodged            |    96 |    58 ||   154
